 Dungeon Crawl Stone Soup version 0.18.1-6-gd335043 (webtiles) character file.

92 protoss039 the Shield-Bearer (level 4, 0/29 HPs)
             Began as a Gargoyle Fighter on May 18, 2016.
             Slain by a worm (4 damage)
             ... on level 2 of the Dungeon.
             The game lasted 00:05:42 (1721 turns).

protoss039 the Shield-Bearer (Gargoyle Fighter)     Turns: 1721, Time: 00:05:43

Health: 0/29       AC: 11    Str: 25    XL:     4   Next: 60%
Magic:  4/4        EV:  8    Int:  9    God:
Gold:   82         SH: 10    Dex:  9    Spells: 0 memorised, 3 levels left

rFire  . . .     SeeInvis .     a - +0 flail
rCold  . . .     Gourm    .     b - +0 scale mail
rNeg   + . .     Faith    .     c - +0 shield
rPois  ∞         Spirit   .     (no helmet)
rElec  +         Dismiss  .     (no cloak)
rCorr  .         Reflect  .     (no gloves)
SustAt .         Harm     .     r - +0 pair of boots
MR     .....                    (no amulet)
Stlth  ..........               (no ring)
                                (no ring)

@: mighty, not resistant to hostile enchantments, extremely unstealthy
A: negative energy resistance 1, electricity resistance, unbreathing,
petrification resistance, rot immunity, AC +3
a: no special abilities


You were on level 2 of the Dungeon.
You were not hungry.

You visited 1 branch of the dungeon, and saw 2 of its levels.

You collected 82 gold pieces.

Inventory:

Hand Weapons
 a - a +0 flail (weapon)
Armour
 b - a +0 scale mail (worn)
 c - a +0 shield (worn)
 h - a +0 ring mail
 r - a +0 pair of boots (worn)
Wands
 s - a wand of slowing (26/48)
Scrolls
 g - 3 scrolls of immolation {unknown}
 j - 2 scrolls of noise {unknown}
 o - 2 scrolls of remove curse {unknown}
 t - 3 scrolls of identify {unknown}
Potions
 d - a potion of might
 e - 2 potions of degeneration {unknown}
 i - a potion of brilliance {unknown}
 k - a potion of lignification {unknown}
 l - a potion of haste {unknown}
Comestibles
 f - 2 bread rations
 m - 3 meat rations
 n - a beef jerky
 p - 4 chunks of flesh
 q - a royal jelly


   Skills:
 + Level 3.8 Fighting
 + Level 2.4 Maces & Flails
 + Level 3.9 Armour
 + Level 0.8 Dodging
 + Level 4.2 Shields


You had 3 spell levels left.
You didn't know any spells.

Dungeon Overview and Level Annotations

Branches:
Dungeon (2/15)

Altars:
Ru
Trog


Innate Abilities, Weirdness & Mutations

You are resistant to torment.
Your stone body is resilient (AC +3).
You are immune to poison.
You resist negative energy.
You are resistant to electric shocks.
You can survive without breathing.
You are immune to petrification.
You are immune to rotting.


Message History

The moth of wrath goads the worm on!
The worm goes berserk!
The worm bites you.
Found a spear and a whip.
You sock the worm!
The worm is moderately wounded.
The worm bites you!
You sock the worm!
The worm is severely wounded.
The worm bites you.
You hit the worm.
The worm is severely wounded.
The worm bites you.
* * * LOW HITPOINT WARNING * * *
The worm bites you.
* * * LOW HITPOINT WARNING * * *
Drink which item? (? for menu, Esc to quit)
You feel very mighty all of a sudden.
You hit the worm.
The worm is severely wounded.
The worm bites you.
You die...

#.# #.#<.....##.......# #...###.#
#.###.#.##.###.........#####.##.#
#...#.#.##.###....#....# #....#
##....#.....##...###..))####.####
#..######...'...#y#._..#.<.##
#..# #.###...###...)##.## #..#
#.# #....#....# #.# #..# #..
#..†w...).# #.# #..# ###
##.@.....# #.# #..#
##....######.# #..# #######..>..#
##..# #.# ####### )...# #.# ###.#
#.# ###.# #.# ....# #.# ##### #.#


You could see a moth of wrath and a worm (berserk).

Vanquished Creatures
  Terence (D:2)
  An adder (D:2)
  3 worms (D:2)
  2 dart slugs
  3 giant geckos
  2 giant cockroaches (D:2)
  4 hobgoblins
  3 jackals (D:1)
  6 kobolds (D:1)
  2 ball pythons (D:2)
  2 bats (D:2)
  A giant newt (D:2)
  5 goblins (D:2)
  9 rats
44 creatures vanquished.

Notes
Turn   | Place    | Note
--------------------------------------------------------------
     0 | D:1      | protoss039 the Gargoyle Fighter began the quest for the Orb.
     0 | D:1      | Reached XP level 1. HP: 14/14 MP: 1/1
   129 | D:1      | Reached XP level 2. HP: 10/19 MP: 2/2
   970 | D:2      | Reached XP level 3. HP: 24/24 MP: 3/3
   994 | D:2      | Found a sacrificial altar of Ru.
  1043 | D:2      | Noticed Terence
  1053 | D:2      | Killed Terence
  1060 | D:2      | Reached skill level 4 in Shields
  1060 | D:2      | Reached XP level 4. HP: 29/29 MP: 4/4
  1504 | D:2      | Noticed a moth of wrath
  1506 | D:2      | Found a bloodstained altar of Trog.
  1721 | D:2      | Slain by a worm

Skill      XL: |  1  2  3 |
---------------+----------+-----
Shields        | 4 |  4.2
Fighting       | |  3.8
Maces & Flails | |  2.4
Armour         | |  3.9
Dodging        | |  0.8

Action                   |  1- 3 |  4- 6 || total
-------------------------+-------+-------++-------
Melee: Flail             |    93 |    71 ||   164
  Use: Potion            |       |     1 ||     1
  Eat: Chunk             |     1 |     2 ||     3
Armor: Scale mail        |    61 |    51 ||   112
Dodge: Dodged            |    39 |    30 ||    69
Block: Shield            |    61 |    47 ||   108
